 Dungeon Crawl Stone Soup version 0.29.1-15-g9cfb28693d (webtiles) character file.

Game seed: 11313249694207769302

1876 Eitelfritz the Basher (level 9, -6/117 HPs)
             Began as a Hill Orc Fighter on Mar 10, 2023.
             Mangled by Joseph
             ... wielding a +0 quarterstaff
              (13 damage)
             ... on level 7 of the Dungeon.
             The game lasted 00:11:29 (6669 turns).

Eitelfritz the Basher (Hill Orc Fighter)            Turns: 6669, Time: 00:11:29

Health: -6/117     AC: 24    Str: 23    XL:     9   Next: 14%
Magic:  9/9        EV:  2    Int:  8    God:
Gold:   41         SH:  5    Dex: 10    Spells: 8/8 levels left

rFire   + . .      SeeInvis .   a - +0 flail
rCold   + + .      Faith    .   c - +0 buckler {rC+}
rNeg    . . .      Spirit   .   (body armour currently unavailable)
rPois   +          Reflect  .   (helmet currently unavailable)
rElec   .          Harm     .   (cloak currently unavailable)
rCorr   .          Rampage  .   (gloves currently unavailable)
Will    .....      NoTele   +   (boots currently unavailable)
Stlth   +.........              (no amulet)
HPRegen 0.29/turn               x - ring of protection from fire
MPRegen 0.11/turn               F - ring of protection from cold

@: tree-form
A: stationary, stasis, torment immunity, boosted hp
a: no special abilities


You were on level 7 of the Dungeon.
You were a tree.
You visited 1 branch of the dungeon, and saw 7 of its levels.

You collected 255 gold pieces.
You spent 214 gold pieces at shops.

Inventory:

Hand Weapons
 a - a +0 flail (weapon)
 b - a +2 vorpal sling
Missiles
 m - 7 poisoned darts (quivered)
 n - 7 boomerangs
 I - 4 atropa-tipped darts
Armour
 c - a +0 buckler of cold resistance (worn)
 i - a +0 chain mail (melded)
 j - a +0 tower shield
 p - a +2 pair of boots (melded)
 q - a +2 cloak (melded)
 E - a +0 kite shield
 N - a +1 helmet of see invisible (melded)
Jewellery
 d - a +6 ring of dexterity
 e - an amulet of the acrobat
 x - a ring of protection from fire (left branch)
 B - a +6 ring of intelligence
 D - a ring of see invisible
 F - a ring of protection from cold (right branch)
 G - a ring of magical power
 J - a ring of magical power
 K - a +4 ring of protection
Wands
 v - a wand of quicksilver (10)
 C - a wand of polymorph (10)
Scrolls
 f - 2 scrolls of poison
 w - a scroll of blinking
 y - 2 scrolls of butterflies
 A - a scroll of silence
 L - a scroll of amnesia {unknown}
 M - a scroll of teleportation
Potions
 g - a potion of attraction
 k - a potion of mutation {unknown}
 l - 4 potions of lignification
 o - 2 potions of cancellation {unknown}
 r - a potion of resistance {unknown}
 s - 2 potions of brilliance {unknown}
 t - a potion of heal wounds {unknown}
 u - a potion of ambrosia {unknown}
 z - a potion of flight {unknown}


   Skills:
 + Level 6.6 Fighting
 + Level 8.5 Maces & Flails
 + Level 7.2 Armour
 + Level 2.0 Dodging
 + Level 1.0 Stealth
 + Level 4.9 Shields


You had 8 spell levels left.
You didn't know any spells.
Your spell library contained the following spells:

 Spells                   Type           Power      Damage    Failure   Level
 Ensorcelled Hibernation  Hex/Ice        0%         N/A       63%         2
 Passwall                 Tmut/Erth      0%         N/A       63%         2
 Poisonous Vapours        Pois/Air       0%         N/A       63%         2
 Call Canine Familiar     Summ           0%         N/A       86%         3
 Portal Projectile        Hex/Tloc       0%         N/A       86%         3
 Summon Guardian Golem    Hex/Summ       0%         N/A       86%         3
 Swiftness                Air            0%         N/A       86%         3
 Corpse Rot               Necr/Pois/Air  0%         N/A       99%         4
 Fulminant Prism          Conj/Hex       0%         3d6       99%         4
 Iskenderun's Mystic Bla  Conj/Tloc      0%         2d3       99%         4
 Leda's Liquefaction      Hex/Erth       0%         N/A       99%         4
 Lee's Rapid Deconstruct  Erth           0%         3d5*      100%        5
 Orb of Destruction       Conj           0%         9d5       100%        7
 Spellforged Servitor     Conj/Summ      0%         N/A       100%        7


Dungeon Overview and Level Annotations

Branches:
Dungeon (7/15)             Temple (0/1) D:7

Altars:
Cheibriados
Okawaru
Qazlal
Trog

Shops:
D:2 =   D:6 [

Annotations:
D:6 2 runed translucent doors, vampirul's ghost, novice MiBe
D:7 Joseph


Message History

Joseph is moderately wounded.
You block Joseph's attack.
You hit Joseph.
Joseph is heavily wounded.
Joseph hits you but does no damage.
You hit Joseph but do no damage.
Joseph is moderately wounded.
Joseph hits you with a +0 quarterstaff.
* * * LOW HITPOINT WARNING * * *
You closely miss Joseph.
Joseph is moderately wounded.
Joseph hits you but does no damage.
You hit Joseph but do no damage.
Joseph is moderately wounded.
Joseph hits you but does no damage.
You hit Joseph.
Joseph is heavily wounded.
Joseph hits you with a +0 quarterstaff!
* * * LOW HITPOINT WARNING * * *
Really quaff the potion of lignification?
Uppercase [Y]es or [N]o only, please.
Really quaff the potion of lignification?
Uppercase [Y]es or [N]o only, please.
Really quaff the potion of lignification?
Uppercase [Y]es or [N]o only, please.
Really quaff the potion of lignification?
Uppercase [Y]es or [N]o only, please.
Really quaff the potion of lignification?
Uppercase [Y]es or [N]o only, please.
Really quaff the potion of lignification?
You turn into a tree.
Your +2 cloak melds into your body.
Your +1 helmet of see invisible melds into your body.
Your +2 pair of boots melds into your body.
Your +0 chain mail melds into your body.
You feel less perceptive.
Your roots penetrate the ground.
Joseph hits you but does no damage.
You barely miss Joseph.
Joseph is heavily wounded.
Joseph hits you with a +0 quarterstaff!
You die...

.....# .....# ###
.....# #$. #.....#
#.> ....$ #$. ...
#@#.# #.♣.# ##.##
#...# ###.###
#°...○# ##.....####
.#
#...._.....#####.#
...#.....##....##.#
##.#°...§#####..#.#
#


You could see Joseph.

Vanquished Creatures
  6 yaks (D:4)
  An ice beast (D:6)
  2 phantoms
  A bullfrog (D:6)
  4 wights (D:6)
  2 orc priests
  A hound (D:4)
  6 iguanas
  2 orc wizards (D:5)
  6 adders
  A shadow imp (D:6)
  2 white imps
  An ufetubus (D:7)
  2 worms (D:3)
  A dart slug (D:1)
  20 orcs
  5 ball pythons
  4 endoplasms
  5 giant cockroaches
  9 goblins
  7 hobgoblins
  13 jackals
  6 kobolds
  5 quokkas
  5 bats
  A frilled lizard (D:2)
  4 rats
122 creatures vanquished.

Vanquished Creatures (others)
  11 demonic plants (D:5)
11 creatures vanquished.

Grand Total: 133 creatures vanquished

Notes
Turn   | Place    | Note
-------+----------+-------------------------------------------
     0 | D:1      | Eitelfritz the Hill Orc Fighter began the quest for the
                  | Orb.
     0 | D:1      | Reached XP level 1. HP: 19/19 MP: 1/1
   140 | D:1      | Reached XP level 2. HP: 23/27 MP: 2/2
   695 | D:1      | Reached XP level 3. HP: 33/33 MP: 3/3
  1081 | D:1      | Found a faded altar of an unknown god.
  1388 | D:2      | Reached skill level 3 in Maces & Flails
  1516 | D:2      | Found Amnicett's Jewellery Emporium.
  1604 | D:2      | Reached XP level 4. HP: 29/40 MP: 4/4
  1695 | D:2      | Found a bloodstained altar of Trog.
  2482 | D:3      | Found an iron altar of Okawaru.
  2782 | D:3      | Found a snail-covered altar of Cheibriados.
  3294 | D:4      | Reached XP level 5. HP: 32/47 MP: 5/5
  3667 | D:4      | Reached skill level 4 in Maces & Flails
  3896 | D:4      | Noticed a yak
  3896 | D:4      | Noticed a yak
  3896 | D:4      | Noticed a yak
  3896 | D:4      | Noticed a yak
  4263 | D:4      | Noticed a yak
  4263 | D:4      | Noticed a yak
  4273 | D:4      | Killed a yak
  4274 | D:4      | Reached skill level 5 in Maces & Flails
  4274 | D:4      | Reached skill level 1 in Dodging
  4274 | D:4      | Reached XP level 6. HP: 12/53 MP: 6/6
  4274 | D:4      | Killed a yak
  4275 | D:4      | Reached skill level 5 in Armour
  4275 | D:4      | Reached XP level 7. HP: 12/60 MP: 7/7
  4518 | D:4      | Killed a yak
  4519 | D:4      | Reached skill level 5 in Fighting
  4523 | D:4      | Killed a yak
  4524 | D:4      | Reached skill level 6 in Maces & Flails
  4528 | D:4      | Killed a yak
  4529 | D:4      | Reached skill level 1 in Stealth
  4529 | D:4      | Reached XP level 8. HP: 34/69 MP: 8/8
  4536 | D:4      | Killed a yak
  4859 | D:5      | Entered Level 5 of the Dungeon
  5147 | D:5      | Reached skill level 7 in Maces & Flails
  5983 | D:6      | Reached XP level 9. HP: 49/75 MP: 9/9
  5990 | D:6      | Reached skill level 8 in Maces & Flails
  6197 | D:6      | Found a large runed translucent door.
  6197 | D:6      | Found a large runed translucent door.
  6201 | D:6      | Noticed vampirul's ghost (novice MiBe)
  6296 | D:6      | Found Rytaerph's Armour Shop.
  6304 | D:6      | Bought a +1 helmet of see invisible for 214 gold pieces
  6636 | D:7      | Found a stormy altar of Qazlal.
  6641 | D:7      | Noticed Joseph
  6643 | D:7      | Found a staircase to the Ecumenical Temple.
  6669 | D:7      | Mangled by Joseph

Illustrated notes

Levels and vault maps discovered:
D:1:      dpeg_arrival_fog, layout_loops_corners,
          shapermc_ecumenical_altar_notcrosses
D:2:      layout_basic, serial_shops, shop, basic_altar, patterned_corridor
D:3:      layout_rooms, lemuel_crystal_altar, okawaru_ov_weapons_minmay,
          minmay_misc_feat_nine_boxes
D:4:      layout_basic
D:5:      layout_rooms, kennysheep_cross_bottleneck, dreamdust_princess_corridor
D:6:      layout_loops_ring, serial_shops, shop, ebering_ghost_disaster_area
D:7:      layout_rooms, grunt_qazlal_clouds, nemelex_xobeh_ov_fountains_minmay,
          minmay_temple_entry_offerings, uniq_joseph, uniq_pikel

Skill      XL: |  1  2  3  4  5  6  7  8  9 |
---------------+----------------------------+-----
Fighting       | 4 5 6 |  6.6
Maces & Flails | 3 5 6 7 8 |  8.5
Armour         | 4 5 6 7 |  7.2
Shields        | 4 |  4.9
Dodging        | 1 2 |  2.0
Stealth        | 1 |  1.0

Action                   |  1- 3 |  4- 6 |  7- 9 || total
-------------------------+-------+-------+-------++-------
Melee: Flail             |   133 |   146 |   226 ||   505
  Use: Scroll            |       |    17 |     1 ||    18
       Potion            |       |       |     4 ||     4
Armor: Scale mail        |    39 |       |       ||    39
       Chain mail        |    54 |    94 |   111 ||   259
       Skin              |       |       |     1 ||     1
Dodge: Dodged            |    85 |    43 |    60 ||   188
Block: Buckler           |    42 |    36 |    41 ||   119
